 Dungeon Crawl Stone Soup version 0.31-a0-538-gbc85326fa9 (webtiles) character file.

Game seed: 11868028772842525593

95 sampeng1 the Trooper (level 4, -2/36 HPs)
             Began as a Human Cinder Acolyte on Aug 13, 2023.
             Was a High Priest of Ignis.
             Slain by RepHenryClay's ghost (6 damage)
             ... on level 3 of the Dungeon.
             The game lasted 00:11:06 (2257 turns).

sampeng1 the Trooper (Human Cinder Acolyte)         Turns: 2257, Time: 00:11:07

Health: -2/36      AC:  3    Str: 14    XL:     4   Next: 97%
Magic:  4/15       EV: 12    Int: 17    God:    Ignis [*****.]
Gold:   162        SH:  0    Dex: 14    Spells: 4/6 levels left

rFire   + + .        g - staff of fire
rCold   . . .        (no shield)
rNeg    . . .        b - +0 robe
rPois   .            j - +0 helmet
rElec   .            (no cloak)
rCorr   .            (no gloves)
SInv    .            (no boots)
Will    .....        i - amulet of magic regeneration
Stlth   +            c - +6 ring of dexterity
HPRegen 0.26/turn    h - ring of magical power
MPRegen 0.54/turn

%: no passive effects
@: no status effects
A: no striking features
a: Renounce Religion, Fiery Armour, Foxfire Swarm, Rising Flame


You were on level 3 of the Dungeon.
You worshipped Ignis.
Ignis was extremely pleased with you.
You visited 1 branch of the dungeon, and saw 3 of its levels.

You collected 162 gold pieces.

Inventory:

Hand Weapons
 a - a -1 hand axe of flaming
 f - a +0 sling
 n - a +0 trident of flaming
Missiles
 k - 9 poisoned darts (quivered)
Armour
 b - a +0 robe (worn)
 j - a +0 helmet (worn)
Magical Staves
 g - a staff of fire (weapon)
Jewellery
 c - a +6 ring of dexterity (left hand)
 h - a ring of magical power (right hand)
 i - an amulet of magic regeneration (around neck)
 t - an amulet of guardian spirit
Scrolls
 d - a scroll of teleportation
 l - 2 scrolls of revelation
 m - a scroll of torment
 p - a scroll of fog {unknown}
 r - a scroll of enchant armour {unknown}
 s - a scroll of fear {unknown}
Potions
 o - 3 potions of lignification


   Skills:
 + Level 3.6 Fighting
 - Level 3.5 Axes
 + Level 0.0 Staves
 + Level 1.1 Dodging
 + Level 1.9 Spellcasting
 + Level 3.6 Fire Magic
 + Level 0.0 Evocations


You had 4 spell levels left.
You knew the following spells:

 Your Spells              Type           Power      Damage    Failure   Level
a - Scorch                Fire           40%        2d6       7%          2

Your spell library contained the following spells:

 Spells                   Type           Power      Damage    Failure   Level
 Wereblood                Tmut           1%         N/A       30%         2
 Irradiate                Conj/Tmut      0%         3d11      99%         5


Dungeon Overview and Level Annotations

Branches:
Dungeon (3/15)

Altars:
Ashenzari
Gozag
Qazlal
Ru
Trog
Wu Jian
Yredelemnul

Shops:
D:1 *

Annotations:
D:3 RepHenryClay's ghost, amateur DsMo


Message History

RepHenryClay's ghost hits you.
Casting: Scorch (safe; 7% risk of failure)
Confirm with . or Enter, or press ? or * to list all spells.
You don't have enough magic to cast this spell.
You feel much better. RepHenryClay's ghost hits you!
You are electrocuted!
You hit RepHenryClay's ghost but do no damage.
RepHenryClay's ghost is heavily damaged.
RepHenryClay's ghost barely misses you.
RepHenryClay's ghost hits you but does no damage.
You hit RepHenryClay's ghost but do no damage.
RepHenryClay's ghost is heavily damaged.
RepHenryClay's ghost hits you.
You hit RepHenryClay's ghost but do no damage.
RepHenryClay's ghost is heavily damaged.
RepHenryClay's ghost hits you.
* * * LOW HITPOINT WARNING * * *
You feel better. RepHenryClay's ghost hits you.
You hit RepHenryClay's ghost but do no damage.
RepHenryClay's ghost is heavily damaged.
RepHenryClay's ghost hits you.
* * * LOW HITPOINT WARNING * * *
You hit RepHenryClay's ghost but do no damage.
RepHenryClay's ghost is heavily damaged.
RepHenryClay's ghost hits you.
* * * LOW HITPOINT WARNING * * *
You closely miss RepHenryClay's ghost.
RepHenryClay's ghost is heavily damaged.
RepHenryClay's ghost barely misses you.
RepHenryClay's ghost completely misses you.
You closely miss RepHenryClay's ghost.
RepHenryClay's ghost is heavily damaged.
RepHenryClay's ghost is no longer more vulnerable to fire.
RepHenryClay's ghost closely misses you.
Casting: Scorch (safe; 7% risk of failure)
Confirm with . or Enter, or press ? or * to list all spells.
You feel a surge of power!
Flames lash RepHenryClay's ghost.
RepHenryClay's ghost is severely damaged.
RepHenryClay's ghost's fire resistance burns away.
RepHenryClay's ghost hits you.
You die...

#. ##.# #. ###..##
#.. ##.....##
#.####.......##
#...#...###...##
#.#
#....##⌠##...###.#
#...##...##....#.#
#..##..?..##.....##
#.@W...♣..⌠#..##...
#..##..!..##..##.#.
#...##...##...##.#.
##...##⌠##...##....
##...###...##.....
..............#.
##.....####...##
###### #...# #...#


You could see RepHenryClay's ghost (combustible).

Vanquished Creatures
  3 adders (D:2)
  An ufetubus (D:3)
  A worm (D:2)
  A dart slug (D:1)
  2 orcs
  4 bats
  7 endoplasms
  4 giant cockroaches
  2 goblins (D:2)
  4 hobgoblins
  6 jackals
  2 quokkas (D:1)
  4 ball pythons
  6 frilled lizards
  4 kobolds
  3 rats
54 creatures vanquished.

Notes
Turn   | Place    | Note
-------+----------+-------------------------------------------
     0 | D:1      | sampeng1 the Human Cinder Acolyte began the quest for the
                  | Orb.
     0 | D:1      | Reached XP level 1. HP: 18/18 MP: 2/2
   103 | D:1      | Found Hael Etiuqe's General Store.
   112 | D:1      | Reached XP level 2. HP: 7/24 MP: 3/3
   617 | D:1      | Reached XP level 3. HP: 29/29 MP: 5/5
   948 | D:2      | Learned a level 2 spell: Scorch
  1140 | D:2      | Reached XP level 4. HP: 35/35 MP: 6/6
  1816 | D:2      | Identified a scroll of acquirement
  1816 | D:2      | Acquired a staff of fire
  1827 | D:3      | Reached skill level 1 in Dodging
  2030 | D:3      | Found a bloodstained altar of Trog.
  2033 | D:3      | Found a stormy altar of Qazlal.
  2039 | D:3      | Found a basalt altar of Yredelemnul.
  2041 | D:3      | Found an opulent altar of Gozag.
  2042 | D:3      | Found a sacrificial altar of Ru.
  2047 | D:3      | Found an ornate altar of the Wu Jian Council.
  2049 | D:3      | Found a broken altar of Ashenzari.
  2209 | D:3      | Noticed RepHenryClay's ghost (amateur DsMo)
  2213 | D:3      | Found a runed translucent door.
  2257 | D:3      | Slain by RepHenryClay's ghost

Illustrated notes

Levels and vault maps discovered:
D:1:      minmay_arrival_diagonal_passages, layout_basic, serial_shops, shop,
          minmay_pentomino_t2
D:2:      layout_loops_ring
D:3:      minmay_bubble_buster, layout_loops_ring,
          nicolae_overflow_hallway_of_the_gods, hellmonk_ghost_happy_afterlife,
          dreamdust_princess_corridor, dk_vineyard_3

Skill      XL: |  1  2  3  4 |
---------------+-------------+-----
Dodging        | 1 |  1.1
Fighting       | |  3.6
Axes           | |  3.5
Spellcasting   | |  1.9
Fire Magic     | |  3.6

Action                     |  1- 3 |  4- 6 || total
---------------------------+-------+-------++-------
  Melee: Hand axe          |    94 |    34 ||   128
         Staff             |       |    26 ||    26
         Punch             |       |     1 ||     1
  Throw: Dart              |       |     3 ||     3
   Cast: Scorch            |     6 |    23 ||    29
    Use: Scroll            |     3 |     4 ||     7
         Potion            |     2 |     2 ||     4
   Stab: Sleeping          |     1 |       ||     1
 Armour: Robe              |    18 |    30 ||    48
  Dodge: Dodged            |    74 |    54 ||   128

Table legend: (Time is in decaauts)
 A = Elapsed time spent in this place.
 B = Non-inter-level travel time spent in this place.
 C = Inter-level travel time spent in this place.
 D = Time resting spent in this place.
 E = Time spent auto-exploring this place.
 F = Levels seen in this place.
 G = Mean time per level.
                   A        B        C        D        E       F      G
               +--------+--------+--------+--------+--------+-----+--------+
         Total |   2278 |   2174 |    104 |      0 |   1482 |   3 |  759.3 |
       Dungeon |   2278 |   2174 |    104 |      0 |   1482 |   3 |  759.3 |
               +--------+--------+--------+--------+--------+-----+--------+

Top non-repeatable levels by time:
     D:1: 947 daAuts
     D:2: 888 daAuts
     D:3: 441 daAuts
